 Dungeon Crawl Stone Soup version 0.31.0-12-g77e489cdc1 (webtiles) character file.

Game seed: 15970707455712904812

310 Eitelfritz the Sneak (level 6, 0/33 HPs)
             Began as a Kobold Enchanter on Feb 16, 2024.
             Slain by Grinder (1 damage)
             ... on level 4 of the Dungeon.
             The game lasted 00:09:36 (3475 turns).

Eitelfritz the Sneak (Kobold Enchanter)             Turns: 3475, Time: 00:09:38

Health: 0/33       AC:  3    Str:  7    XL:     6   Next: 70%
Magic:  10/10      EV: 15    Int: 17    God:
Gold:   193        SH:  0    Dex: 15    Spells: 3/11 levels left

rFire   . . .        a - +2 dagger (venom)
rCold   . . .        (no shield)
rNeg    . . .        b - +1 robe
rPois   .            (no helmet)
rElec   .            (no cloak)
rCorr   .            (no gloves)
SInv    .            (no boots)
Will    .....        k - amulet of magic regeneration
Stlth   +++++        (no ring)
HPRegen 0.25/turn    (no ring)
MPRegen 0.52/turn

%: no passive effects
@: confusing by touch
A: small, no large weapons, nightstalker 3
a: no special abilities


You were on level 4 of the Dungeon.
You visited 1 branch of the dungeon, and saw 4 of its levels.

You collected 193 gold pieces.

Inventory:

Hand Weapons
 a - a +2 dagger of venom (weapon)
 d - a +1 dagger
 m - a +2 short sword of protection
Armour
 b - a +1 robe (worn)
Magical Staves
 h - a staff of earth
Jewellery
 k - an amulet of magic regeneration (around neck)
Scrolls
 e - a scroll of vulnerability
 i - 2 scrolls of enchant armour
Potions
 c - 3 potions of invisibility
 n - a potion of lignification {unknown}


   Skills:
 + Level 0.7 Fighting
 + Level 2.9 Short Blades
 + Level 3.0 Dodging
 + Level 7.5 Stealth
 + Level 3.0 Spellcasting
 + Level 3.6 Hexes
 + Level 1.1 Ice Magic


You had 3 spell levels left.
You knew the following spells:

 Your Spells              Type           Power      Damage    Failure   Level
a - Ensorcelled Hibernat  Hex/Ice        20%        N/A       10%         2
b - Tukima's Dance        Hex            15%        N/A       12%         3
c - Confusing Touch       Hex            15%        N/A       12%         3

Your spell library contained the following spells:

 Spells                   Type           Power      Damage    Failure   Level
 Dazzling Flash           Conj/Hex       16%        N/A       24%         3
 Lesser Beckoning         Tloc           4%         N/A       26%         2
 Gell's Gravitas          Tloc           2%         N/A       45%         3
 Teleport Other           Tloc           2%         N/A       45%         3


Dungeon Overview and Level Annotations

Branches:
Dungeon (4/15)
 Temple: D:4-7

Altars:
Cheibriados
Okawaru

Shops:
D:2 [

Annotations:
D:4 Grinder


Innate Abilities, Weirdness & Mutations

You are small and have problems with some larger weapons.
You are completely attuned to the shadows.


Message History

You now have 193 gold pieces (gained 11).
Grinder comes into view.
She is carrying a wand of flame.
Grinder shouts!
Grinder gestures at you.
You barely resist.
Grinder zaps a wand.
The puff of flame hits you! Grinder gestures at you.
You suddenly lose the ability to move!
Grinder hits you.
You writhe in agony.
Grinder zaps a wand.
The puff of flame hits you! Grinder hits you.
* * * LOW HITPOINT WARNING * * *
You writhe in agony.
* * * LOW HITPOINT WARNING * * *
You can move again.
You feel much better. Grinder hits you.
Casting: Ensorcelled Hibernation (safe; 10% risk of failure)
Confirm with . or Enter, or press ? or * to list all spells.
Your hands begin to glow red.
Grinder zaps a wand.
The puff of flame hits you!
You barely miss Grinder.
Grinder blinks!
You hit Grinder but do no damage. Grinder hits you!
* * * LOW HITPOINT WARNING * * *
You writhe in agony.
* * * LOW HITPOINT WARNING * * *
Unknown command.
You feel better.
Grinder zaps a wand.
The puff of flame hits you.
* * * LOW HITPOINT WARNING * * *
Grinder blinks!
Grinder gestures at you. You resist with significant effort.
Grinder blinks!
Grinder hits you.
* * * LOW HITPOINT WARNING * * *
You closely miss Grinder.
Grinder says, "At least Makhleb appreciates what I'm doing."
Grinder hits you.
* * * LOW HITPOINT WARNING * * *
You writhe in agony.
You die...
Grinder sighs, "Dead already?
I want a refund."

##.# #..#)..# #..#...# ...#...#
#... ##.#...# #..# #.##'## .##+
#####..#
#.....####..P..##+#......#
#...............5........#
#######.#####..@..####...##
##.#.# #.......# ####.###.#
#####....###.........####...##.#
...........+.........+.......#.#
###.#...####.........####...##.##
#.##.## #.......## ##.......
#.#### ##.....## #.###.#. #.#
##...## #.#...#. #.# #.#.###.


You could see Grinder.

Vanquished Creatures
  A phantom (D:3)
  2 bombardier beetles
  A hound (D:4)
  An iguana (D:4)
  Terence (D:3)
  2 adders
  3 dart slugs
  4 orcs
  4 ball pythons
  4 endoplasms
  3 giant cockroaches
  6 goblins
  5 hobgoblins
  4 jackals (D:3)
  6 kobolds
  8 bats
  6 frilled lizards
  3 rats
64 creatures vanquished.

Notes
Turn   | Place    | Note
-------+----------+-------------------------------------------
     0 | D:1      | Eitelfritz the Kobold Enchanter began the quest for the
                  | Orb.
     0 | D:1      | Reached XP level 1. HP: 10/10 MP: 3/3
   163 | D:1      | Reached XP level 2. HP: 15/15 MP: 5/5
   207 | D:1      | Learned a level 2 spell: Ensorcelled Hibernation
   750 | D:2      | Reached XP level 3. HP: 19/19 MP: 6/6
   849 | D:2      | Found Ithounki's Armour Shop.
  1044 | D:2      | Reached skill level 5 in Stealth
  1174 | D:2      | Learned a level 3 spell: Tukima's Dance
  1229 | D:3      | Noticed Terence
  1237 | D:3      | Killed Terence
  1238 | D:3      | Reached XP level 4. HP: 18/24 MP: 2/7
  1437 | D:3      | Reached skill level 6 in Stealth
  1727 | D:3      | Found a snail-covered altar of Cheibriados.
  1738 | D:3      | Reached XP level 5. HP: 26/28 MP: 1/8
  1966 | D:3      | Noticed a phantom
  2016 | D:3      | Killed a phantom
  2017 | D:3      | Reached skill level 7 in Stealth
  2017 | D:3      | Reached XP level 6. HP: 5/32 MP: 8/10
  2022 | D:3      | Learned a level 3 spell: Confusing Touch
  2270 | D:3      | Found an iron altar of Okawaru.
  3061 | D:4      | Reached skill level 1 in Ice Magic
  3458 | D:4      | Noticed Grinder
  3461 | D:4      | Paralysed by Grinder for 4 turns
  3475 | D:4      | HP: 1/33 [Grinder (1)]
  3475 | D:4      | Slain by Grinder

Illustrated notes

Levels and vault maps discovered:
D:1:      saegor_arrival_simple_e, layout_basic, minmay_misc_feat_roman
D:2:      layout_loops_ring, serial_shops, nicolae_shop_advertising_works
          [nicolae_subvault_shop_adworks]
D:3:      layout_loops_ring, chei_slow_surprise, marbit_many_paths,
          serial_bayou, serial_bayou_pond_b, serial_bayou_crossing,
          serial_bayou_shore_b, serial_bayou_shore_a, serial_bayou_ford_a,
          dreamdust_mushroom_princess, uniq_terence
D:4:      corexii_shantytown, layout_loops_corners, serial_shops,
          nicolae_square_shop, minmay_misc_feat_ornament,
          kennysheep_windowed_goal, uniq_grinder

Skill      XL: |  1  2  3  4  5  6 |
---------------+-------------------+-----
Stealth        | 5 6 7 |  7.5
Short Blades   | 2 |  2.9
Dodging        | 3 |  3.0
Ice Magic      | 1 |  1.1
Spellcasting   | 3 |  3.0
Fighting       | |  0.7
Hexes          | |  3.6

Action                     |  1- 3 |  4- 6 || total
---------------------------+-------+-------++-------
  Melee: Dagger            |    28 |    90 ||   118
         Short sword       |       |    27 ||    27
         Punch             |       |     1 ||     1
   Cast: Ensorcelled Hiber |     3 |    19 ||    22
         Confusing Touch   |       |     1 ||     1
    Use: Scroll            |       |     6 ||     6
         Potion            |       |     2 ||     2
   Stab: Sleeping          |    22 |    33 ||    55
         Distracted        |       |     1 ||     1
 Armour: Robe              |     2 |    32 ||    34
  Dodge: Dodged            |     5 |    44 ||    49
